 Dungeon Crawl Stone Soup version 0.28.0-1-gb440e238dd (webtiles) character file.

Game seed: 1922202532831928819

56 Strat the Charlatan (level 3, -1/25 HPs)
             Began as an Octopode Wanderer on Feb 22, 2022.
             Was an Initiate of Wu Jian.
             Succumbed to a kobold's poison
             ... on level 3 of the Dungeon.
             The game lasted 00:03:30 (2723 turns).

Strat the Charlatan (Octopode Wanderer)             Turns: 2723, Time: 00:03:31

Health: -1/25      AC:  1    Str: 16    XL:     3   Next: 95%
Magic:  3/3        EV: 12    Int: 11    God:    Wu Jian [......]
Gold:   100        SH:  0    Dex: 11    Spells: 2/2 levels left

rFire   . . .      SeeInvis .   h - +0 short sword
rCold   . . .      Faith    .   (no shield)
rNeg    . . .      Spirit   .   (helmet restricted)
rPois   .          Reflect  .   (no amulet)
rElec   .          Harm     .   (no ring)
rCorr   .          Rampage  .   (no ring)
Will    .....                   (no ring)
Stlth   ++........              (no ring)
HPRegen 0.08/turn               (no ring)
MPRegen 0.08/turn               (no ring)
                                (no ring)
                                (no ring)

@: lethally poisoned (-1 -> -12), attractive, flying
A: almost no armour, amphibious, 8 rings, camouflage 1, gelatinous body 1,
(nimble swimmer 1), tentacles
a: Renounce Religion


You were on level 3 of the Dungeon.
You worshipped Wu Jian.
Wu Jian was noncommittal.
You visited 1 branch of the dungeon, and saw 3 of its levels.

You collected 100 gold pieces.

Inventory:

Hand Weapons
 a - a +2 hand crossbow
 h - a +0 short sword (weapon)
Missiles
 b - 24 bolts
 e - 58 stones (quivered)
 k - 5 boomerangs
Wands
 d - a wand of polymorph (3)
Scrolls
 c - a scroll of silence
 f - a scroll of fear {unknown}
 i - 2 scrolls of teleportation {unknown}
 m - a scroll of amnesia {unknown}
 o - a scroll of identify {unknown}
 p - a scroll of enchant armour {unknown}
Potions
 l - a potion of mutation {unknown}
 n - a potion of degeneration {unknown}


   Skills:
 + Level 2.6 Fighting
 - Level 2.3 Crossbows
 - Level 1.0 Dodging
 - Level 3.4 Unarmed Combat
 - Level 4.3 Evocations


You had 2 spell levels left.
You didn't know any spells.
Your spell library was empty.

Dungeon Overview and Level Annotations

Branches:
Dungeon (3/15)

Altars:
Wu Jian

Shops:
D:3 [((

Annotations:
D:2 Terence
D:3 Grinder


Innate Abilities, Weirdness & Mutations

You cannot wear most types of armour.
You are amphibious.
You can wear up to eight rings at the same time.
Your skin changes colour to match your surroundings (Stealth+).
Your rubbery body absorbs attacks. (AC +1, EV +1)
((You are camouflaged when in or above water. (Stealth+)))
You have tentacles for arms and can constrict up to eight enemies at once.


Message History

The dart slug launches a dart at you. The slug dart hits you.
A kobold comes into view. It is wielding a +1 dagger of venom.
The kobold shouts!
The dart slug launches a dart at you. The slug dart hits you.
Found an escape hatch in the ceiling.
Found a stone staircase leading down.
You lunge at the dart slug.
You barely miss the dart slug. You grab the dart slug.
You squeeze the dart slug.
The dart slug is heavily wounded.
You constrict the dart slug. The dart slug barely misses you.
You hit the dart slug.
You kill the dart slug!
The Council accepts your kill.
Found Maub's Antique Armour Boutique.
You see here a dart slug corpse.
The kobold hits you with a +1 dagger of venom.
* * * LOW HITPOINT WARNING * * *
You are poisoned.
Unknown command.
You feel very sick. The kobold barely misses you.
It was a potion of flight.
You feel very buoyant.
You fly up into the air.
You feel sick.
The kobold hits you with a +1 dagger of venom.
* * * LOW HITPOINT WARNING * * *
You are lethally poisoned!
The kobold throws a stone.
The stone barely misses you.
It was a potion of attraction.
You feel attractive to monsters.
* * * LOW HITPOINT WARNING * * *
You feel very sick. The kobold closely misses you.
The kobold throws a stone.
The stone barely misses you. The kobold is attracted toward you.
There are no items here.
* * * LOW HITPOINT WARNING * * *
You feel very sick. The kobold closely misses you.
You die...

. #. ############ #.
#..<.......# ##.
#........... ##..
###..........#
...##.............
#.#...§..@......#
###.#.....#.K......##
#....K.####.†K.....#.
#..##### #...........
## #...........
#...........
#...........
#........8..
##.....>.<#.


You could see 2 kobolds.

Vanquished Creatures
  A worm (D:2)
  4 dart slugs
  7 ball pythons
  5 endoplasms
  A giant cockroach (D:2)
  4 goblins
  3 hobgoblins
  4 jackals (D:1)
  5 kobolds
  2 frilled lizards (D:2)
  2 rats (D:2)
38 creatures vanquished.

Notes
Turn   | Place    | Note
-------+----------+-------------------------------------------
     0 | D:1      | Strat the Octopode Wanderer began the quest for the Orb.
     0 | D:1      | Strat set off with the following items: a +2 hand crossbow,
                  | 23 bolts, a scroll of silence, a wand of polymorph (3)
     0 | D:1      | Reached XP level 1. HP: 11/11 MP: 1/1
   578 | D:1      | Reached XP level 2. HP: 8/17 MP: 2/2
  1164 | D:1      | Reached skill level 1 in Fighting
  1360 | D:1      | Reached XP level 3. HP: 19/23 MP: 3/3
  1824 | D:2      | Found an ornate altar of the Wu Jian Council.
  1863 | D:2      | Became a worshipper of the Wu Jian Council
  1932 | D:2      | Found a faded altar of an unknown god.
  2353 | D:2      | Noticed Terence
  2437 | D:3      | Found Ekku's Antique Weapon Emporium.
  2491 | D:3      | Noticed Grinder
  2491 | D:3      | Found Jerchel's Antique Weapon Boutique.
  2717 | D:3      | Found Maub's Antique Armour Boutique.
  2722 | D:3      | HP: 1/25 [poisoned by a kobold]
  2723 | D:3      | Succumbed to a kobold's poison

Illustrated notes

Levels and vault maps discovered:
D:1:      saegor_arrival_miasma, layout_loops_corners, minmay_fountain_box
D:2:      layout_basic, hellmonk_ecumenical_altar_slurped_away, minivault_19,
          minmay_hexomino_r4, uniq_terence
D:3:      layout_rooms, serial_shops, nicolae_shop_waterfront,
          nicolae_shop_statue_plus, shop, shop, kennysheep_generic_room_2,
          uniq_sigmund, uniq_crazy_yiuf_cottage, uniq_ijyb, uniq_grinder

Skill      XL: |  1  2  3 |
---------------+----------+-----
Fighting       | 1 2 |  2.6
Crossbows      | |  2.3
Dodging        | |  1.0
Unarmed Combat | |  3.4
Evocations     | |  4.3

Action                   || total
-------------------------++-------
Melee: Unarmed           ||    18
       Constrict         ||    18
       Tentacles         ||    17
       Short sword       ||    53
       Punch             ||     1
 Fire: Hand crossbow     ||     4
Invok: Lunge             ||     4
  Use: Potion            ||     2
 Stab: Sleeping          ||    14
Armor: Skin              ||     3
Dodge: Dodged            ||    40
